 Dungeon Crawl Stone Soup version 0.30-a0-335-ge5acde7520 (webtiles) character file.

Game seed: 9555448582188587691

67 hikkokomori the Conjurer (level 3, -5/29 HPs)
             Began as a Demigod Reaver on Oct 30, 2022.
             Killed from afar by an electric eel (15 damage)
             ... with a bolt of electricity
             ... on level 6 of the Dungeon.
             The game lasted 00:02:55 (2315 turns).

hikkokomori the Conjurer (Demigod Reaver)           Turns: 2315, Time: 00:02:56

Health: -5/29      AC: 10    Str: 17    XL:     3   Next: 70%
Magic:  8/8        EV:  9    Int: 15    God:
Gold:   160        SH:  0    Dex: 12    Spells: 5/6 levels left

rFire   . . .      SeeInvis .    a - +0 falchion
rCold   . . .      Faith    .    (no shield)
rNeg    + . .      Spirit   .    k - +0 pearl dragon scales
rPois   .          Reflect  .    (no helmet)
rElec   .          Harm     .    (no cloak)
rCorr   .          Rampage  .    (no gloves)
Will    .....                    (no boots)
Stlth   ..........               d - amulet of magic regeneration
HPRegen 0.24/turn                (no ring)
MPRegen 0.51/turn                (no ring)

@: no status effects
A: high MP 1, forlorn, divine attributes
a: no special abilities


You were on level 6 of the Dungeon.
You visited 1 branch of the dungeon, and saw 4 of its levels.

You collected 160 gold pieces.

Inventory:

Hand Weapons
 a - a +0 falchion (weapon)
Armour
 b - a +0 leather armour
 k - +0 pearl dragon scales (worn)
 r - a +0 helmet
Jewellery
 d - an amulet of magic regeneration (around neck)
Scrolls
 c - 9 scrolls of identify {unknown}
 e - 3 scrolls of enchant weapon {unknown}
 h - a scroll of fog {unknown}
 p - a scroll of enchant armour {unknown}
 q - a scroll of magic mapping {unknown}
Potions
 f - a potion of lignification {unknown}
 g - 3 potions of magic {unknown}
 i - 2 potions of curing {unknown}
 j - a potion of brilliance {unknown}
 l - a potion of degeneration {unknown}
 m - 2 potions of heal wounds {unknown}
 n - 2 potions of cancellation {unknown}
 o - a potion of might {unknown}


   Skills:
 - Level 2.1 Fighting
 + Level 3.2 Long Blades
 + Level 0.8 Armour
 - Level 1.8 Dodging
 - Level 2.1 Spellcasting
 + Level 3.2 Conjurations
 + Level 0.8 Necromancy


You had 5 spell levels left.
You knew the following spells:

 Your Spells              Type           Power      Damage    Failure   Level
a - Kiss of Death         Conj/Necr      28%        2d7       41%         1

Your spell library contained the following spells:

 Spells                   Type           Power      Damage    Failure   Level
 Momentum Strike          Conj/Tloc      12%        3d8       63%         2
 Hailstorm                Conj/Ice       6%         3d4       85%         3


Dungeon Overview and Level Annotations

Branches:
Dungeon (3/15)

Shops:
D:1 ?   D:2 [


Innate Abilities, Weirdness & Mutations

You have an increased reservoir of magic. (+10% MP)
You shall have no god before yourself.
Your divine heritage dramatically boosts your attributes as you level up.


Message History

The frilled lizard hisses angrily.
There is an open door here.
A frilled lizard is nearby!
A frilled lizard is nearby!
A ball python comes into view.
Found a leather armour.
A sourceless malevolence fills the Dungeon...
You fall into a shaft and drop 3 floors!
The shaft crumbles and collapses.
Found a helmet.
q - a scroll labelled KUTADDEAWE A dart slug comes into view.
You hit the dart slug but do no damage.
The dart slug bites you but does no damage.
You hit the dart slug.
The dart slug is moderately wounded.
The dart slug closely misses you.
You hit the dart slug.
The dart slug is heavily wounded.
The dart slug bites you.
You hit the dart slug.
The dart slug is almost dead.
The dart slug barely misses you.
You hit the dart slug.
You kill the dart slug!
An electric eel comes into view.
The electric eel shoots out a bolt of lightning at you!
The bolt of electricity hits you.
Found a scroll labelled LONOSA PUTOTS.
The electric eel shoots out a bolt of lightning at you!
The bolt of electricity hits you.
You see here a +0 helmet.
r - a +0 helmet The electric eel shoots out a bolt of lightning at you!
The bolt of electricity hits you!
A dart slug comes into view.
The electric eel shoots out a bolt of lightning at you!
The bolt of electricity hits you!
Ouch! That really hurt!
You die...

.............##
.######.####..#
#.# ##.#### #.#
#....## #.#
####..## ..# ##..#
#.# ##.#
#.##########.#####
#...@............#
##.##.######..####
# #.# ##...# #..
###.#.# ≈≈.≈
#†..#.#
≈~~≈≈#.#### #
w~~S#≈# ≈~..#≈≈
≈≈~?.. ≈≈


You could see an electric eel.

Vanquished Creatures
  An adder (D:3)
  2 worms (D:2)
  3 dart slugs
  An orc (D:3)
  4 ball pythons
  5 endoplasms
  5 hobgoblins
  4 jackals
  4 kobolds
  2 quokkas
  A frilled lizard (D:2)
  6 goblins
  2 rats
40 creatures vanquished.

Notes
Turn   | Place    | Note
-------+----------+-------------------------------------------
     0 | D:1      | hikkokomori the Demigod Reaver began the quest for the Orb.
     0 | D:1      | Reached XP level 1. HP: 17/17 MP: 5/5
   374 | D:1      | Found Uteyzear's Magic Scroll Shop.
   482 | D:1      | Reached XP level 2. HP: 24/24 MP: 7/7
  1311 | D:2      | Reached XP level 3. HP: 29/29 MP: 8/8
  1497 | D:2      | Found Datzionu's Antique Armour Boutique.
  2273 | D:3      | You fall into a shaft and drop 3 floors!
  2315 | D:6      | Killed from afar by an electric eel

Illustrated notes

Levels and vault maps discovered:
D:1:      lemuel_arrival_room, layout_basic, serial_shops, shop,
          ebering_ecumenical_altar_abandoned
D:2:      layout_basic, serial_shops, shop
D:3:      layout_basic, kennysheep_generic_room_11
D:6:      kennysheep_slugbush, layout_basic, ebering_ghost_disaster_area,
          nicolae_stop_n_shop_1, nicolae_specific_store

Skill      XL: |  1  2 |
---------------+-------+-----
Fighting       | 2 |  2.1
Spellcasting   | 2 |  2.1
Conjurations   | 3 |  3.2
Long Blades    | 3 |  3.2
Armour         | |  0.8
Dodging        | |  1.8
Necromancy     | |  0.8

Action                   || total
-------------------------++-------
Melee: Falchion          ||   158
       Punch             ||     2
Armor: Leather armour    ||    13
       Pearl dragon scal ||    64
Dodge: Dodged            ||   105

Table legend: (Time is in decaauts)
 A = Elapsed time spent in this place.
 B = Non-inter-level travel time spent in this place.
 C = Inter-level travel time spent in this place.
 D = Time resting spent in this place.
 E = Time spent auto-exploring this place.
 F = Levels seen in this place.
 G = Mean time per level.
                   A        B        C        D        E       F      G
               +--------+--------+--------+--------+--------+-----+--------+
         Total |   2336 |   2269 |     67 |      0 |   1901 |   4 |  584.0 |
       Dungeon |   2336 |   2269 |     67 |      0 |   1901 |   4 |  584.0 |
               +--------+--------+--------+--------+--------+-----+--------+

Top non-repeatable levels by time:
     D:1: 1026 daAuts
     D:2: 783 daAuts
     D:3: 484 daAuts
     D:6: 42 daAuts
